 Dungeon Crawl Stone Soup version 0.30.1-4-g462c640d31 (webtiles) character file.

Game seed: 14425571364807177762

51 Kranky the Chucker (level 3, 0/28 HPs)
             Began as a Demonspawn Wanderer on Sept 3, 2023.
             Slain by a kobold
             ... wielding a +1 dagger of electrocution
              (10 damage)
             ... on level 2 of the Dungeon.
             The game lasted 00:02:27 (1327 turns).

Kranky the Chucker (Demonspawn Wanderer)            Turns: 1327, Time: 00:02:28

Health: 0/28       AC:  2    Str: 13    XL:     3   Next: 57%
Magic:  5/5        EV: 12    Int: 12    God:
Gold:   88         SH:  0    Dex: 14    Spells: 4/5 levels left

rFire   . . .        a - +3 dagger
rCold   . . .        (no shield)
rNeg    . . .        d - +0 robe
rPois   .            (no helmet)
rElec   .            (no cloak)
rCorr   .            (no gloves)
SInv    .            (no boots)
Will    .....        (no amulet)
Stlth   +            (no ring)
HPRegen 0.24/turn    (no ring)
MPRegen 0.09/turn

%: no passive effects
@: no status effects
A: ignite blood 1, demonic magic 1
a: no special abilities


You were on level 2 of the Dungeon.
You visited 1 branch of the dungeon, and saw 2 of its levels.

You collected 88 gold pieces.

Inventory:

Hand Weapons
 a - a +3 dagger (weapon)
Missiles
 b - a curare-tipped dart (quivered)
Armour
 d - a +0 robe (worn)
Jewellery
 e - an amulet of faith
 j - a ring of ice
 k - a +6 ring of intelligence
Scrolls
 c - a scroll of blinking
 f - a scroll of amnesia {unknown}
 g - a scroll of identify {unknown}
Potions
 h - a potion of attraction {unknown}
 i - 2 potions of curing {unknown}
 l - a potion of heal wounds {unknown}


   Skills:
 + Level 2.6 Fighting
 - Level 3.6 Throwing
 + Level 1.2 Armour
 + Level 1.8 Dodging
 + Level 1.7 Spellcasting
 - Level 1.7 Ice Magic


You had 4 spell levels left.
You knew the following spells:

 Your Spells              Type           Power      Damage    Failure   Level
a - Freeze                Ice            20%        1d4       14%         1

Your spell library contained the following spells:

 Spells                   Type           Power      Damage    Failure   Level
 Frozen Ramparts          Ice            10%        1d2       38%         3


Dungeon Overview and Level Annotations

Branches:
Dungeon (2/15)

Altars:


Innate Abilities, Weirdness & Mutations

Your demonic aura sometimes causes spilled blood to erupt in flames.
Spells you cast may paralyse adjacent enemies.


Message History

You hit the kobold but do no damage.
The kobold is moderately wounded.
The kobold barely misses you.
A kobold is nearby!
You hit the kobold but do no damage.
The kobold is moderately wounded.
The kobold misses you.
You closely miss the kobold.
The kobold is moderately wounded.
The kobold barely misses you.
You hit the kobold but do no damage.
The kobold is moderately wounded.
The kobold hits you with a +1 dagger of electrocution.
You hit the kobold but do no damage.
The kobold is moderately wounded.
The kobold barely misses you.
You hit the kobold but do no damage.
The kobold is moderately wounded.
The kobold hits you with a +1 dagger of electrocution.
You hit the kobold but do no damage.
The kobold is moderately wounded.
The kobold closely misses you.
You barely miss the kobold.
The kobold is moderately wounded.
The kobold hits you but does no damage.
You hit the kobold but do no damage.
The kobold is moderately wounded.
The kobold hits you with a +1 dagger of electrocution.
You hit the kobold but do no damage.
The kobold is moderately wounded.
The kobold hits you with a +1 dagger of electrocution.
You are too injured to fight recklessly!
You are too injured to fight recklessly!
You are too injured to fight recklessly!
You are too injured to fight recklessly!
You hit the kobold.
The kobold is heavily wounded.
The kobold hits you with a +1 dagger of electrocution.
You are electrocuted!
You die...

#..........# #...#
#.....###.#....# #.#.#
......####.#....#####.#.#
##..................#.#..
...### #.......###.#.##.
.## #.......# .. .#
#.......# .# ##.......#
#.@......# #K#..$...# .
......##### ........#
........... ............
....(.....#.. #
..........##.. #. #.


You could see a kobold.

Vanquished Creatures
  An adder (D:2)
  3 worms (D:2)
  A bat (D:2)
  4 endoplasms
  5 goblins
  A hobgoblin (D:1)
  3 jackals (D:1)
  A quokka (D:2)
  A ball python (D:2)
  4 frilled lizards (D:1)
  4 kobolds (D:1)
  4 rats (D:1)
32 creatures vanquished.

Notes
Turn   | Place    | Note
-------+----------+-------------------------------------------
     0 | D:1      | Kranky the Demonspawn Wanderer began the quest for the Orb.
     0 | D:1      | Kranky set off with the following items: a +3 dagger, a
                  | curare-tipped dart, a scroll of blinking, a +0 robe; and
                  | the following spell memorised: Freeze; and the following
                  | spells available to memorise: Frozen Ramparts.
     0 | D:1      | Reached XP level 1. HP: 16/16 MP: 2/2
   306 | D:1      | Gained mutation: Spells you cast may paralyse adjacent
                  | enemies. [demonic ancestry]
   306 | D:1      | Reached XP level 2. HP: 21/22 MP: 3/3
   908 | D:2      | Reached skill level 1 in Armour
   927 | D:2      | Gained mutation: Your demonic aura sometimes causes spilled
                  | blood to erupt in flames. [demonic ancestry]
   927 | D:2      | Reached XP level 3. HP: 28/28 MP: 5/5
  1271 | D:2      | Found a faded altar of an unknown god.
  1327 | D:2      | Slain by a kobold

Illustrated notes

Levels and vault maps discovered:
D:1:      psy_arrival_dodecagon, layout_loops_ring
D:2:      layout_rooms, shapermc_ecumenical_altar_mp_urbaneastern, st_stairs_3,
          minmay_fractal_squares_5

Skill      XL: |  1  2 |
---------------+-------+-----
Armour         | 1 |  1.2
Fighting       | |  2.6
Throwing       | |  3.6
Dodging        | |  1.8
Spellcasting   | |  1.7
Ice Magic      | |  1.7

Action                     || total
---------------------------++-------
  Melee: Dagger            ||   113
   Stab: Sleeping          ||     4
 Armour: Robe              ||    16
  Dodge: Dodged            ||    52
